 Dungeon Crawl Stone Soup version 0.29-a0-553-g81b289dbe5 (webtiles) character file.

Game seed: 9696738561279927619

27 thriggle the Chiller (level 3, -1/25 HPs)
             Began as a Barachi Ice Elementalist on June 6, 2022.
             Slain by Sigmund
             ... wielding a +0 scythe
              (6 damage)
             ... on level 2 of the Dungeon.
             The game lasted 00:05:19 (1410 turns).

thriggle the Chiller (Barachi Ice Elementalist)     Turns: 1410, Time: 00:05:19

Health: -1/25      AC:  8    Str: 11    XL:     3   Next: 10%
Magic:  1/6        EV: 12    Int: 15    God:
Gold:   94         SH:  0    Dex: 12    Spells: 2/6 levels left

rFire   . . .      SeeInvis .   o - +0 short sword
rCold   . . .      Faith    .   (no shield)
rNeg    . . .      Spirit   .   p - +0 leather armour
rPois   .          Reflect  .   k - +0 helmet
rElec   .          Harm     .   (no cloak)
rCorr   .          Rampage  .   (no gloves)
Will    .....                   (no boots)
Stlth   ++........              (no amulet)
HPRegen 0.08/turn               (no ring)
MPRegen 0.10/turn               (no ring)

@: ice-armoured, slow
A: amphibious, slowness 1, strong legs 1, +LOS
a: Hop


You were on level 2 of the Dungeon.
You visited 1 branch of the dungeon, and saw 2 of its levels.

You collected 94 gold pieces.

Inventory:

Hand Weapons
 o - a +0 short sword (weapon)
Missiles
 f - 52 stones (quivered)
Armour
 a - a +0 robe
 k - a +0 helmet (worn)
 p - a +0 leather armour (worn)
Scrolls
 c - 2 scrolls of identify
 g - a scroll of amnesia {unknown}
 i - a scroll of magic mapping {unknown}
 l - a scroll of teleportation {unknown}
 m - a scroll of enchant weapon {unknown}
Potions
 b - a potion of magic
 d - 2 potions of curing
 h - 2 potions of invisibility {unknown}
 j - a potion of brilliance {unknown}


   Skills:
 + Level 0.9 Fighting
 + Level 0.0 Short Blades
 + Level 0.4 Throwing
 + Level 0.4 Armour
 + Level 2.4 Dodging
 + Level 2.1 Stealth
 + Level 2.4 Spellcasting
 + Level 5.1 Ice Magic


You had 2 spell levels left.
You knew the following spells:

 Your Spells              Type           Power      Damage    Failure   Level
a - Freeze                Ice            68%        1d8       3%          1
b - Ozocubu's Armour      Ice            17%        N/A       11%         3

Your spell library contained the following spells:

 Spells                   Type           Power      Damage    Failure   Level
 Frozen Ramparts          Ice            34%        1d5       11%         3
 Hailstorm                Conj/Ice       9%         3d4       67%         4
 Ice Form                 Ice/Tmut       9%         N/A       67%         4
 Summon Ice Beast         Ice/Summ       9%         N/A       67%         4


Dungeon Overview and Level Annotations

Branches:
Dungeon (2/15)

Altars:
Okawaru

Shops:
D:1 =

Annotations:
D:2 Sigmund


Innate Abilities, Weirdness & Mutations

You are amphibious.
You cover ground slowly.
You can hop short distances.
You have an extended range of vision and can be seen from far away.


Message History

Sigmund shouts!
Casting: Ozocubu's Armour (quite dangerous; 11% risk of failure)
Confirm with . or Enter, or press ? or * to list all spells.
Aiming: Freeze (safe; 3% risk of failure)
Press: ? - help, Shift-Dir - straight line, f - ball python
Aim: a ball python You freeze the ball python.
The ball python is severely wounded.
The ball python misses you. The ball python grabs you.
The ball python constricts you. The ball python closely misses you.
The ball python constricts you.
Casting: Freeze (safe; 3% risk of failure)
Confirm with . or Enter, or press ? or * to list all spells.
Aiming: Freeze (safe; 3% risk of failure)
Press: ? - help, Shift-Dir - straight line, f/p - ball python
Aim: a ball python (severely wounded, constricting you)
You freeze the ball python!
You kill the ball python!
Sigmund hits you from afar with a +0 scythe!
Sigmund hits you but does no damage.
Casting: Freeze (safe; 3% risk of failure)
Confirm with . or Enter, or press ? or * to list all spells.
The spell is quite dangerous to miscast (11% risk of failure)!
Continue anyway?
A film of ice covers your body! Sigmund hits you but does no damage.
Casting: Ozocubu's Armour (quite dangerous; 11% risk of failure)
Confirm with . or Enter, or press ? or * to list all spells.
Aiming: Freeze (safe; 3% risk of failure)
Press: ? - help, Shift-Dir - straight line, f - Sigmund
Aim: Sigmund, wielding a +0 scythe and wearing a +1 robe of willpower You freeze Sigmund.
Sigmund is lightly wounded.
You barely miss Sigmund.
Sigmund is lightly wounded.
Sigmund hits you with a +0 scythe!
* * * LOW HITPOINT WARNING * * *
As you read the scroll labelled GASOROZU HOQOLI, it crumbles to dust.
It is a scroll of identify.
d - 2 potions of curing Sigmund hits you with a +0 scythe.
You die...

##### .... #.. #
#.# . #@####
#.#....#.#
#.####.#.# ...
#@#.# #.##@#.#
#....#.# ###..#.#
..#..#.# #.#..#.#
#####
####.#....#......
.................
####.##..).......
##.##.#.##..##.


You could see Sigmund.

Vanquished Creatures
  A dart slug (D:1)
  3 ball pythons
  4 goblins
  2 hobgoblins (D:1)
  4 jackals (D:2)
  A quokka (D:1)
  3 frilled lizards
  2 kobolds
  4 rats (D:1)
24 creatures vanquished.

Notes
Turn   | Place    | Note
-------+----------+-------------------------------------------
     0 | D:1      | thriggle the Barachi Ice Elementalist began the quest for
                  | the Orb.
     0 | D:1      | Reached XP level 1. HP: 13/13 MP: 3/3
   293 | D:1      | Reached XP level 2. HP: 20/20 MP: 3/5
   395 | D:1      | Found Dyhatot's Jewellery Shop.
   688 | D:1      | Reached skill level 5 in Ice Magic
  1173 | D:2      | Found an iron altar of Okawaru.
  1318 | D:2      | Reached XP level 3. HP: 25/25 MP: 3/6
  1365 | D:2      | Learned a level 3 spell: Ozocubu's Armour
  1397 | D:2      | Noticed Sigmund
  1410 | D:2      | Slain by Sigmund

Illustrated notes

Levels and vault maps discovered:
D:1:      saegor_arrival_simple_e, layout_loops_cross, serial_shops,
          nicolae_shop_window_shopping, roderic_serpentine_path
D:2:      layout_basic, basic_altar, uniq_natasha, uniq_sigmund

Skill      XL: |  1  2 |
---------------+-------+-----
Stealth        | 2 |  2.1
Ice Magic      | 5 |  5.1
Fighting       | |  0.9
Throwing       | |  0.4
Armour         | |  0.4
Dodging        | |  2.4
Spellcasting   | |  2.4

Action                   || total
-------------------------++-------
Melee: Club              ||     2
       Short sword       ||     4
       Punch             ||     1
Throw: Stone             ||    11
 Cast: Freeze            ||    33
       Ozocubu's Armour  ||     1
  Use: Scroll            ||     1
Armor: Robe              ||     4
       Leather armour    ||     2
Dodge: Dodged            ||    11

Table legend: (Time is in decaauts)
 A = Elapsed time spent in this place.
 B = Non-inter-level travel time spent in this place.
 C = Inter-level travel time spent in this place.
 D = Time resting spent in this place.
 E = Time spent auto-exploring this place.
 F = Levels seen in this place.
 G = Mean time per level.
                   A        B        C        D        E       F      G
               +--------+--------+--------+--------+--------+-----+--------+
         Total |   1598 |   1567 |     31 |    193 |    985 |   2 |  799.0 |
       Dungeon |   1598 |   1567 |     31 |    193 |    985 |   2 |  799.0 |
               +--------+--------+--------+--------+--------+-----+--------+

Top non-repeatable levels by time:
     D:1: 1129 daAuts
     D:2: 469 daAuts
